 Dungeon Crawl Stone Soup version 0.29-a0-789-g7a8fcbc185 (webtiles) character file.

Game seed: 17538815303025476579

1297 zeratav the Skirmisher (level 8, -4/37 HPs)
             Began as a Spriggan Hunter on July 3, 2022.
             Shot with an arrow by a centaur (10 damage)
             ... on level 5 of the Dungeon.
             The game lasted 00:06:31 (4683 turns).

zeratav the Skirmisher (Spriggan Hunter)            Turns: 4683, Time: 00:06:32

Health: -4/37      AC:  2    Str:  7    XL:     8   Next: 31%
Magic:  9/9        EV: 19    Int: 10    God:
Gold:   225        SH:  0    Dex: 27    Spells: 7/7 levels left

rFire   . . .      SeeInvis +   a - +0 shortbow {bow}
rCold   . . .      Faith    .   (shield currently unavailable)
rNeg    . . .      Spirit   .   c - +0 robe
rPois   .          Reflect  .   (helmet restricted)
rElec   .          Harm     .   (no cloak)
rCorr   .          Rampage  .   (gloves unavailable)
Will    +....                   (boots unavailable)
Stlth   ++++......              g - amulet of the acrobat
HPRegen 0.12/turn               m - +6 ring of dexterity
MPRegen 0.11/turn               (no ring)

@: very quick
A: very small, no large weapons, unfitting armour, see invisible, speed 3
a: no special abilities


You were on level 5 of the Dungeon.
You visited 2 branches of the dungeon, and saw 6 of its levels.

You collected 225 gold pieces.


Innate Abilities, Weirdness & Mutations

You are very small and have problems with some larger weapons.
You are too small for most types of armour.
You have supernaturally acute eyesight. (SInv)
You cover ground extremely quickly. (Speed+++)


   Skills:
 - Level 1.5 Fighting
 + Level 12.4 Ranged Weapons
 - Level 2.6 Dodging
 - Level 5.0 Stealth


You had 7 spell levels left.
You didn't know any spells.
Your spell library was empty.

Inventory:

Hand Weapons
 a - a +0 shortbow (weapon) {bow}
Armour
 c - a +0 robe (worn)
Jewellery
 g - an amulet of the acrobat (around neck)
   (You found it on level 1 of the Dungeon)
 l - a ring of positive energy
   (You found it on level 1 of the Dungeon)
 m - a +6 ring of dexterity (left hand)
   (You found it on level 1 of the Dungeon)
Wands
 x - a wand of iceblast (13)
   (You found it on level 4 of the Dungeon)
Scrolls
 b - 2 scrolls of immolation {!r!r}
 d - 2 scrolls of noise {unknown}
 e - 4 scrolls of identify {unknown}
 h - a scroll of enchant weapon {unknown}
 i - a scroll of fog {unknown}
 j - 3 scrolls of teleportation {unknown}
 o - 2 scrolls of amnesia {unknown}
 p - a scroll of magic mapping {unknown}
 q - a scroll of vulnerability {unknown}
 s - 3 scrolls of blinking {unknown}
 t - 2 scrolls of poison {unknown}
 u - 3 scrolls of enchant armour {unknown}
Potions
 f - 2 potions of ambrosia {unknown}
 k - 3 potions of curing {unknown}
 n - a potion of might {unknown}
 r - 3 potions of heal wounds {@q2}
 v - a potion of resistance {unknown}
 w - a potion of flight {unknown}
 z - 2 potions of brilliance {unknown}
 A - a potion of cancellation {unknown}
 B - 3 potions of invisibility {unknown}
 C - a potion of mutation {unknown}

Dungeon Overview and Level Annotations

Branches:
Dungeon (5/15) Zot: 26397  Temple (1/1) D:5 Zot: 5998

Altars:
Cheibriados
Elyvilon
Gozag
Kikubaaqudgha
Makhleb
Nemelex Xobeh
Okawaru
Qazlal
Ru
Trog
Vehumet
Yredelemnul
Zin
The Shining One

Shops:
D:3

( #...########........
#...#......+........
#...#......#......##
#...##.....#......#.
#...##.....#......#. #.
#....#.....#......#.
....#.c..#.....'......#.
......l..#.....#......#.
.....##@###'####........
... #.##..#......####. .
#.....+......# #.
#.....#......# #.
+.....#......# #.
#.....#......# #.
#.....#......# #.
#######......# #.
######## ##


You could see a centaur and an iguana.


Message History

No target in view!
No target in view!
s - 3 scrolls labelled ACAVIGG EMISO (gained 1)
d - 2 scrolls labelled RYUMOSU YFRE (gained 1)
e - 4 scrolls labelled NOIXACUBRU (gained 1)
There is a stone staircase leading down here.
B - 2 fuming sapphire potions
k - 3 sapphire potions (gained 1)
You open the door.
A jelly and an ogre come into view.
There are monsters nearby!
You shoot an arrow. The arrow hits the jelly!
The jelly quivers.
You shoot an arrow. The arrow hits the jelly.
You kill the jelly!
You shoot an arrow. The arrow hits the ogre!
You shoot an arrow. The arrow closely misses the ogre.
The ogre completely misses you.
You shoot an arrow. The arrow hits the ogre!
You shoot an arrow. The arrow hits the ogre!
You kill the ogre!
Your Ranged Weapons skill increases to level 12!
No target in view!
No target in view!
No target in view!
You see here a +0 giant club {mace}.
You now have 225 gold pieces (gained 5).
There is an open door here.
You open the door.
There is an open door here.
C - an amethyst potion You open the door.
There is an open door here.
z - 2 lumpy black potions (gained 1)
B - 3 fuming sapphire potions (gained 1)
You open the door.
There is an open door here.
You open the door.
There is an open door here.
A black bear comes into view.
A black bear is nearby!
You shoot an arrow. The black bear growls angrily.
The arrow hits the black bear!
You shoot an arrow. The arrow hits the black bear!
You shoot an arrow. The arrow barely misses the black bear.
The black bear closely misses you. The black bear completely misses you.
The black bear claws you.
HP[-1]
You take 1 damage, and now have 36/37 hp.
You shoot an arrow. The arrow hits the black bear!
You kill the black bear!
No target in view!
No target in view!
An iguana and a howler monkey come into view.
The howler monkey hoots and howls with incredible vigour!
You hear a shout!
HP[+1]
Your hp is fully restored (37).
There are monsters nearby!
You shoot an arrow. The arrow hits the howler monkey!
A centaur comes into view.
You shoot an arrow. The arrow hits the howler monkey.
You shoot an arrow. The arrow hits the howler monkey.
The howler monkey barely misses you.
You shoot an arrow. The arrow hits the howler monkey!
You kill the howler monkey!
The centaur wields a +0 shortbow.
The centaur shoots an arrow.
The arrow hits you.
The centaur shoots an arrow.
The arrow closely misses you.
HP[-3]
You take 3 damage, and now have 34/37 hp.
You shoot an arrow. The arrow hits the iguana.
The centaur shoots an arrow.
The arrow completely misses you.
You shoot an arrow. The arrow hits the iguana.
You shoot an arrow. The arrow hits the iguana!
You shoot an arrow. The arrow barely misses the iguana.
The iguana barely misses you.
The centaur unwields a +0 shortbow.
The centaur misses you. The centaur kicks you.
HP[-3]
You take 3 damage, and now have 31/37 hp.
You shoot an arrow.
The arrow hits the iguana but does no damage.
The iguana misses you. The centaur barely misses you. The centaur kicks you.
HP[-1]
You take 1 damage, and now have 30/37 hp.
The centaur wields a +0 shortbow.
The centaur shoots an arrow.
The arrow closely misses you. The iguana completely misses you.
You shoot an arrow. The arrow barely misses the iguana.
The centaur shoots an arrow.
The arrow misses you. The iguana bites you!
HP[-11]
You take 11 damage, and now have 19/37 hp.
MASSIVE DAMAGE!! (PAUSE)
You shoot an arrow.
The arrow hits the iguana but does no damage.
The centaur shoots an arrow.
The arrow barely misses you.
You shoot an arrow. The arrow closely misses the iguana.
The centaur shoots an arrow.
The arrow hits you!
* * * LOW HITPOINT WARNING * * *
The iguana barely misses you.
The centaur shoots an arrow.
The arrow hits you!
You die...

Skill      XL: |  1  2  3  4  5  6  7  8 |
---------------+-------------------------+-----
Ranged Weapons | 5 6 7 9 10 11 12 | 12.4
Stealth        | 4 5 |  5.0
Fighting       | |  1.5
Dodging        | |  2.6

Action                   |  1- 3 |  4- 6 |  7- 9 || total
-------------------------+-------+-------+-------++-------
Melee: Dagger            |       |     1 |       ||     1
 Fire: Shortbow          |    98 |    48 |   110 ||   256
 Stab: Sleeping          |       |     1 |       ||     1
Armor: Robe              |     1 |       |     2 ||     3
Dodge: Dodged            |    20 |     5 |    36 ||    61

Levels and vault maps discovered:
D:1:      lemuel_arrival_behind_the_door_small, layout_basic,
          hellmonk_ecumenical_altar_watching_god
D:2:      layout_loops_ring
D:3:      layout_loops_ring, grunt_qazlal_sundering, marbit_many_paths,
          serial_shops, nicolae_shop_bloodbath_and_beyond, uniq_natasha,
          uniq_grinder, uniq_terence, uniq_sigmund
D:4:      layout_basic, uniq_edmund
D:5:      layout_gridville, minmay_temple_entry_water_ring, st_stairs_5
Temple:   nicolae_temple_no_exploring_needed

Notes
Turn   | Place    | Note
-------+----------+-------------------------------------------
     0 | D:1      | zeratav the Spriggan Hunter began the quest for the Orb.
     0 | D:1      | Reached XP level 1. HP: 10/10 MP: 2/2
     0 | D:1      | magus.rc [v1.9.6]
   254 | D:1      | Noticed a shining eye
   271 | D:1      | Reached skill level 5 in Ranged Weapons
   505 | D:1      | Reached XP level 2. HP: 10/14 MP: 3/3
   662 | D:1      | Found a faded altar of an unknown god.
   664 | D:1      | Noticed a floating eye
   669 | D:1      | Noticed an eye of devastation
   672 | D:1      | Noticed an eye of devastation
  1239 | D:2      | Reached skill level 6 in Ranged Weapons
  1239 | D:2      | Reached XP level 3. HP: 16/18 MP: 4/4
  1837 | D:3      | Noticed Grinder
  1899 | D:3      | Noticed Sigmund
  2086 | D:3      | Found a stormy altar of Qazlal.
  2100 | D:3      | Noticed an ogre
  2110 | D:3      | Killed an ogre
  2111 | D:3      | Reached skill level 7 in Ranged Weapons
  2111 | D:3      | Reached XP level 4. HP: 22/22 MP: 5/5
  2111 | D:3      | Reached XP level 5. HP: 25/25 MP: 6/6
  2136 | D:3      | Reached skill level 8 in Ranged Weapons
  2540 | D:3      | Found a glowing golden altar of the Shining One.
  2582 | D:3      | Found Vamai's Weapon Shop.
  2604 | D:3      | Noticed Natasha
  2657 | D:3      | Killed Natasha
  2727 | D:3      | Killed Sigmund
  2728 | D:3      | Reached skill level 9 in Ranged Weapons
  2728 | D:3      | Reached XP level 6. HP: 28/30 MP: 7/7
  2762 | D:3      | Killed Grinder
  2763 | D:3      | Reached skill level 10 in Ranged Weapons
  2763 | D:3      | Reached skill level 4 in Stealth
  2763 | D:3      | Reached XP level 7. HP: 33/33 MP: 8/8
  2803 | D:3      | Noticed Natasha
  2812 | D:3      | Killed Natasha
  2878 | D:3      | Noticed Terence
  2912 | D:3      | Killed Terence
  2913 | D:3      | Reached skill level 5 in Stealth
  3051 | D:3      | Noticed Natasha
  3053 | D:3      | Killed Natasha
  3181 | D:4      | HP: 8/33 [poisoned by a scorpion]
  3186 | D:4      | HP: 4/33 [poisoned by a scorpion]
  3191 | D:4      | HP: 2/33 [poisoned by a scorpion]
  3806 | D:4      | Noticed Edmund
  3828 | D:4      | Killed Edmund
  3829 | D:4      | Reached skill level 11 in Ranged Weapons
  4055 | D:5      | Entered Level 5 of the Dungeon
  4181 | D:5      | Found a staircase to the Ecumenical Temple.
  4209 | Temple   | Entered the Ecumenical Temple
  4255 | D:5      | Reached XP level 8. HP: 13/37 MP: 9/9
  4565 | D:5      | Reached skill level 12 in Ranged Weapons
  4683 | D:5      | HP: 6/37 [centaur/arrow (13)]
  4683 | D:5      | Shot with an arrow by a centaur

Vanquished Creatures
  Grinder (D:3)
  Sigmund (D:3)
  Edmund (D:4)
  A black bear (D:5)
  2 ogres
  A phantom (D:5)
  2 scorpions
  A howler monkey (D:5)
  An orc priest (D:3)
  2 hounds
  2 jellies
  Natasha (thrice) (D:3)
  Terence (D:3)
  4 adders
  2 worms
  3 dart slugs
  4 orcs (D:3)
  2 endoplasms
  A giant cockroach (D:2)
  7 goblins
  11 hobgoblins
  7 kobolds
  3 quokkas
  5 ball pythons
  3 bats
  2 frilled lizards
  2 rats (D:3)
75 creatures vanquished.

Table legend:
 A = Non-vault XP
 B = Vault XP
 C = Vault XP percentage of total XP
 D = Non-vault monster count
 E = Vault monster count
 F = Vault count percentage of total count
                 A         B        C        D         E       F
            +---------+---------+-------+---------+---------+-------
      Total |    1113 |     741 |  40.0 |      69 |       6 |   8.0
            +---------+---------+-------+---------+---------+-------
        D:1 |      32 |       0 |   0.0 |      19 |       0 |   0.0
        D:2 |      48 |       0 |   0.0 |      11 |       0 |   0.0
        D:3 |     392 |     577 |  59.5 |      25 |       5 |  16.7
        D:4 |      58 |     164 |  73.9 |       5 |       1 |  16.7
        D:5 |     583 |       0 |   0.0 |       9 |       0 |   0.0
            +---------+---------+-------+---------+---------+-------

Illustrated notes

Table legend:
 A = Kills in this place as a percentage of kills in entire the game.
 B = Kills by you in this place as a percentage of kills by you in the entire game.
 C = Kills by friends in this place as a percentage of kills by friends in the entire game.
 D = Other kills in this place as a percentage of other kills in the entire game.
 E = Experience gained in this place as a percentage of experience gained in the entire game.
 F = Experience gained in this place divided by the number of levels of this place that you have seen.
                   A       B       C       D       E      F
               +-------+-------+-------+-------+-------+----------------------
         Total | 100.0 | 100.0 |   N/A |   N/A | 100.0 | 309.0
       Dungeon | 100.0 | 100.0 |   N/A |   N/A | 100.0 | 370.8
               +-------+-------+-------+-------+-------+----------------------

Table legend: (Time is in decaauts)
 A = Elapsed time spent in this place.
 B = Non-inter-level travel time spent in this place.
 C = Inter-level travel time spent in this place.
 D = Time resting spent in this place.
 E = Time spent auto-exploring this place.
 F = Levels seen in this place.
 G = Mean time per level.
                   A        B        C        D        E       F      G
               +--------+--------+--------+--------+--------+-----+--------+
         Total |   3603 |   3492 |    111 |    777 |   2138 |   6 |  600.5 |
       Dungeon |   3601 |   3490 |    111 |    777 |   2138 |   5 |  720.2 |
        Temple |      1 |      1 |      0 |      0 |      0 |   1 |    1.0 |
               +--------+--------+--------+--------+--------+-----+--------+

Top non-repeatable levels by time:
     D:3: 1284 daAuts
     D:1: 955 daAuts
     D:5: 493 daAuts
     D:2: 456 daAuts
     D:4: 411 daAuts
  Temple: 1 daAuts
